 Dungeon Crawl Stone Soup version 0.20-a0-553-g9f38e11 (console) character file.

35 nht the Ruffian (level 3, -1/49 HPs)
             Began as an Ogre Transmuter on Feb 3, 2017.
             Slain by an adder (2 damage)
             ... on level 2 of the Dungeon.
             The game lasted 00:01:16 (983 turns).

nht the Ruffian (Ogre Transmuter)                    Turns: 983, Time: 00:01:17

Health: -1/49      AC: 21    Str: 14    XL:     3   Next: 35%
Magic:  6/6        EV:  1    Int: 20    God:
Gold:   22         SH:  0    Dex:  9    Spells: 5/6 levels left

rFire    . . .     SeeInvis .     - Unarmed
rCold    . . .     Gourm    .   (armour currently unavailable)
rNeg     + + +     Faith    .   (no shield)
rPois    +         Spirit   .   (helmet currently unavailable)
rElec    .         Reflect  .   (cloak currently unavailable)
rCorr    .         Harm     .   (gloves unavailable)
MR       .....     NoTele   +   (boots unavailable)
Stlth    +.........             (no amulet)
Regen    0.2/turn               (no ring)
                                (no ring)

@: brilliant, lethally poisoned (-1 -> -10), tree-form
A: unfitting armour, (tough skin 0)
a: no special abilities


You were on level 2 of the Dungeon.
You were hungry.
You were a tree.
You visited 1 branch of the dungeon, and saw 2 of its levels.

You collected 22 gold pieces.

Inventory:

Missiles
 a - 12 arrows
Armour
 b - a +0 robe (melded)
Jewellery
 l - a +5 ring of protection {unknown}
Scrolls
 e - 4 scrolls of remove curse {unknown}
 g - a scroll of teleportation {unknown}
 i - a scroll of identify {unknown}
 j - a scroll of enchant weapon {unknown}
 k - a scroll of immolation {unknown}
Potions
 h - a potion of lignification
Books
 c - a book of Changes

   Spells                             Type                      Level
   a - Beastly Appendage              Transmutation                1
   b - Sticks to Snakes               Transmutation                2
   c - Spider Form                    Transmutation/Poison         3
   d - Ice Form                       Ice/Transmutation            4
   e - Blade Hands                    Transmutation                5
Comestibles
 d - 2 bread rations
 f - a meat ration
 m - 3 chunks of flesh


   Skills:
 - Level 1.3 Fighting
 - Level 1.7 Dodging
 * Level 3.5 Unarmed Combat
 - Level 2.4 Spellcasting
 + Level 2.4 Transmutations


You had 5 spell levels left.
You knew the following spells:

 Your Spells              Type           Power        Failure   Level  Hunger
a - Beastly Appendage     Tmut           ###...       1%          1    #......


Dungeon Overview and Level Annotations

Branches:
Dungeon (2/15)

Altars:


Innate Abilities, Weirdness & Mutations

You are too large for most types of armour.
((You have tough skin. (AC +1)))


Message History

The adder poisons you!
It was a potion of lignification.
Your talons disappear.
You turn into a tree.
Your +0 robe melds into your body.
Your roots penetrate the ground.
* * * LOW HITPOINT WARNING * * *
You feel sick. The adder bites you but does no damage.
It was a potion of brilliance.
You feel clever all of a sudden.
* * * LOW HITPOINT WARNING * * *
You feel sick. The adder bites you but does no damage.
You closely miss the adder.
The adder is severely wounded.
* * * LOW HITPOINT WARNING * * *
You feel sick. The adder bites you but does no damage.
You miss the adder.
The adder is severely wounded.
* * * LOW HITPOINT WARNING * * *
You feel sick. The adder bites you.
You die... ██+██

██...██ ██.....██ ███
.█ ██.......██ ██.██.█
█....S♣...████...█.███
+....<....'...........
█.........████...█.██
██.......██ ██....█
██.....██ █.....█
██.!.██ ██...██


██+██ ██.██ █.█ █.█ █.██████████.█ You could see an adder.

Vanquished Creatures
  A worm (D:2)
  3 leopard geckos (D:1)
  3 bats (D:1)
  2 giant cockroaches (D:1)
  3 goblins (D:1)
  3 hobgoblins (D:1)
  A jackal (D:1)
  4 kobolds (D:1)
  4 frilled lizards (D:1)
  2 rats (D:1)
26 creatures vanquished.

Notes
Turn   | Place    | Note
-------+----------+-------------------------------------------
     0 | D:1      | nht the Ogre Transmuter began the quest for the Orb.
     0 | D:1      | Reached XP level 1. HP: 19/19 MP: 3/3
    48 | D:1      | Reached skill level 3 in Unarmed Combat
    48 | D:1      | Reached XP level 2. HP: 22/27 MP: 5/5
   506 | D:1      | Reached XP level 3. HP: 23/33 MP: 4/6
   981 | D:2      | HP: 2/49 [poisoned by an adder]
   983 | D:2      | Slain by an adder

Vault maps used:
D:1:      lightli_iron_boxes, st_stairs_4

Skill      XL: |  1 |
---------------+----+-----
Transmutations | 2 |  2.4
Unarmed Combat | 3 |  3.5
Fighting       | |  1.3
Dodging        | |  1.7
Spellcasting   | |  2.4

Action                   || total
-------------------------++-------
Melee: Unarmed           ||   129
       Kick              ||    10
       Punch             ||     2
 Cast: Beastly Appendage ||    10
  Use: Potion            ||     2
Armor: Robe              ||    42
       Skin              ||     3
Dodge: Dodged            ||    78
